[ AOE2 MATCH · #482201493 ]
1v1 RMMagyars vs Malay
Player's team · WIN
Rival team · LOSS
[ REPLAY ANALYSIS · EXTRACTED FROM THE RECORDED GAME ]
Feudal
—
Castle
—
Imperial
—
| APM avg | 31.6 |
| APM peak | 91 |
| eAPM avg | 15.8 |
| Villagers / military | 92 / 80 |
Focus
⚔️ 21.7% · 🌾 78.3%
Knight ×65 · Scorpion ×13 · Monk ×2
Feudal
10:22
Castle
22:26
Imperial
—
| APM avg | 22.7 |
| APM peak | 37 |
| eAPM avg | 13.9 |
| Villagers / military | 108 / 103 |
Focus
⚔️ 25.6% · 🌾 74.4%
Spearman ×100 · Militia ×3
Match map
Initial resources + every placement click. Lines = walls · curves = elevation contours. ◆ gold · ⬟ stone · ● berries · ✦ relic · ◌ wall gap
Your base· Open — unwalled flank
PQF's base· Open — unwalled flank
Smoothed initial terrain · ◌ = detected wall gap · hover for details
Inputs per minute
— MCJahudy - - PQF
Build order — MCJahudy
First 150 of 253 actions detected
| 0:00 | Create | Villager (Male) |
| 0:01 | Create | Villager (Male) |
| 0:01 | Create | Villager (Male) |
| 0:01 | Create | Villager (Male) |
| 0:02 | Create | Villager (Male) |
| 0:03 | Build | House |
| 0:05 | Build | House |
| 1:37 | Create | Villager (Male) |
| 1:38 | Create | Villager (Male) |
| 1:47 | Build | Lumber Camp |
| 2:14 | Create | Villager (Male) |
| 2:14 | Create | Villager (Male) |
| 2:14 | Create | Villager (Male) |
| 2:46 | Create | Villager (Male) |
| 2:46 | Create | Villager (Male) |
| 3:09 | Create | Villager (Male) |
| 3:09 | Create | Villager (Male) |
| 3:34 | Build | House |
| 3:58 | Create | Villager (Male) |
| 3:58 | Create | Villager (Male) |
| 3:59 | Create | Villager (Male) |
| 4:21 | Build | Mill |
| 4:50 | Create | Villager (Male) |
| 4:50 | Create | Villager (Male) |
| 4:51 | Create | Villager (Male) |
| 4:51 | Create | Villager (Male) |
| 6:20 | Create | Villager (Male) |
| 6:20 | Create | Villager (Male) |
| 6:20 | Create | Villager (Male) |
| 6:21 | Create | Villager (Male) |
| 6:22 | Build | House |
| 6:51 | Build | Farm |
| 7:16 | Create | Villager (Male) |
| 7:16 | Create | Villager (Male) |
| 7:16 | Create | Villager (Male) |
| 8:05 | Build | Farm |
| 8:36 | Build | House |
| 9:11 | Research | Feudal Age |
| 9:14 | Research | Loom |
| 9:16 | Create | Villager (Male) |
| 9:16 | Create | Villager (Male) |
| 9:17 | Create | Villager (Male) |
| 9:17 | Create | Villager (Male) |
| 9:31 | Build | Mining Camp |
| 9:38 | Build | Farm |
| 9:38 | Build | Farm |
| 9:38 | Build | Farm |
| 9:38 | Build | Farm |
| 9:39 | Build | Farm |
| 10:07 | Build | House |
| 10:22 | Build | Farm |
| 10:52 | Build | Barracks |
| 11:03 | Build | Farm |
| 11:16 | Build | Farm |
| 11:54 | Build | Blacksmith |
| 12:50 | Build | Stable |
| 12:53 | Create | Villager (Male) |
| 13:44 | Research | Castle Age |
| 13:44 | Research | Castle Age |
| 13:48 | Build | House |
| 13:51 | Build | House |
| 13:52 | Build | House |
| 13:55 | Build | House |
| 14:09 | Build | Farm |
| 14:10 | Build | Farm |
| 14:18 | Research | Double-Bit Axe |
| 15:12 | Build | Stable |
| 16:42 | Create | Knight |
| 16:43 | Create | Knight |
| 16:43 | Create | Knight |
| 16:43 | Create | Knight |
| 16:43 | Create | Knight |
| 17:22 | Build | House |
| 17:28 | Create | Knight |
| 17:28 | Create | Knight |
| 17:28 | Create | Knight |
| 17:57 | Create | Villager (Male) |
| 17:57 | Create | Villager (Male) |
| 17:57 | Create | Villager (Male) |
| 18:32 | Create | Knight |
| 18:32 | Create | Knight |
| 19:03 | Build | Farm |
| 19:20 | Create | Villager (Male) |
| 19:20 | Create | Villager (Male) |
| 19:21 | Create | Villager (Male) |
| 19:21 | Create | Villager (Male) |
| 19:21 | Create | Villager (Male) |
| 19:21 | Create | Villager (Male) |
| 19:22 | Create | Villager (Male) |
| 19:31 | Build | Lumber Camp |
| 19:35 | Create | Villager (Male) |
| 19:36 | Create | Villager (Male) |
| 19:56 | Create | Knight |
| 19:56 | Create | Knight |
| 19:56 | Create | Knight |
| 21:30 | Create | Knight |
| 21:30 | Create | Knight |
| 21:31 | Create | Knight |
| 21:31 | Create | Knight |
| 21:31 | Create | Knight |
| 21:37 | Build | House |
| 21:38 | Build | House |
| 21:39 | Build | House |
| 21:40 | Build | House |
| 21:49 | Build | Town Center |
| 22:18 | Create | Knight |
| 22:18 | Create | Knight |
| 22:18 | Create | Knight |
| 22:22 | Create | Villager (Male) |
| 22:22 | Create | Villager (Male) |
| 22:22 | Create | Villager (Male) |
| 23:02 | Create | Knight |
| 23:03 | Create | Knight |
| 23:17 | Build | Town Center |
| 23:22 | Create | Villager (Male) |
| 23:23 | Create | Villager (Male) |
| 23:23 | Create | Villager (Male) |
| 24:42 | Create | Knight |
| 24:42 | Create | Knight |
| 24:43 | Create | Knight |
| 24:43 | Create | Knight |
| 24:43 | Create | Knight |
| 24:49 | Build | Farm |
| 24:52 | Create | Villager (Male) |
| 24:52 | Create | Villager (Male) |
| 25:35 | Create | Knight |
| 25:35 | Create | Knight |
| 25:35 | Create | Knight |
| 25:46 | Build | Monastery |
| 25:56 | Create | Villager (Male) |
| 25:56 | Create | Villager (Male) |
| 26:01 | Build | Farm |
| 26:12 | Build | Farm |
| 26:12 | Build | Farm |
| 26:16 | Create | Villager (Male) |
| 26:23 | Build | Farm |
| 26:24 | Build | Farm |
| 26:45 | Create | Knight |
| 26:46 | Create | Knight |
| 26:52 | Build | House |
| 26:54 | Build | House |
| 26:55 | Build | House |
| 26:57 | Build | House |
| 26:58 | Build | House |
| 26:59 | Build | House |
| 27:04 | Create | Villager (Male) |
| 27:05 | Create | Villager (Male) |
| 27:16 | Create | Knight |
| 27:16 | Create | Knight |
| 27:32 | Build | Farm |
Build order — PQF
First 150 of 249 actions detected
| 0:01 | Create | Villager (Male) |
| 0:02 | Create | Villager (Male) |
| 0:02 | Create | Villager (Male) |
| 0:02 | Create | Villager (Male) |
| 0:03 | Build | House |
| 0:05 | Build | House |
| 1:33 | Create | Villager (Male) |
| 1:33 | Create | Villager (Male) |
| 1:33 | Create | Villager (Male) |
| 2:09 | Create | Villager (Male) |
| 2:10 | Create | Villager (Male) |
| 2:43 | Create | Villager (Male) |
| 2:43 | Create | Villager (Male) |
| 2:43 | Create | Villager (Male) |
| 3:24 | Create | Villager (Male) |
| 3:25 | Create | Villager (Male) |
| 3:25 | Create | Villager (Male) |
| 3:25 | Create | Villager (Male) |
| 4:22 | Create | Villager (Male) |
| 4:45 | Create | Villager (Male) |
| 4:48 | Build | House |
| 5:01 | Research | Loom |
| 5:12 | Create | Villager (Male) |
| 5:12 | Create | Villager (Male) |
| 5:18 | Build | House |
| 5:23 | Build | Mill |
| 6:11 | Create | Villager (Male) |
| 6:11 | Create | Villager (Male) |
| 6:43 | Build | Lumber Camp |
| 7:08 | Create | Villager (Male) |
| 7:08 | Create | Villager (Male) |
| 8:15 | Create | Villager (Male) |
| 9:04 | Research | Feudal Age |
| 9:38 | Build | Barracks |
| 9:52 | Create | Villager (Male) |
| 9:53 | Create | Villager (Male) |
| 10:03 | Build | House |
| 10:22 | Age | Feudal Age |
| 11:01 | Research | Double-Bit Axe |
| 11:03 | Research | Horse Collar |
| 11:20 | Build | Lumber Camp |
| 11:26 | Build | House |
| 11:27 | Build | House |
| 11:35 | Create | Villager (Male) |
| 11:35 | Create | Villager (Male) |
| 12:40 | Build | Mining Camp |
| 12:44 | Build | House |
| 12:53 | Create | Militia |
| 12:53 | Create | Militia |
| 12:54 | Create | Militia |
| 13:03 | Build | Farm |
| 13:03 | Build | Farm |
| 13:03 | Build | Farm |
| 13:03 | Build | Farm |
| 13:04 | Build | Farm |
| 13:04 | Build | Farm |
| 13:04 | Build | Farm |
| 13:05 | Build | Farm |
| 13:05 | Build | Farm |
| 13:09 | Create | Villager (Male) |
| 13:09 | Create | Villager (Male) |
| 13:10 | Create | Villager (Male) |
| 13:28 | Create | Villager (Male) |
| 13:28 | Create | Villager (Male) |
| 13:29 | Create | Villager (Male) |
| 13:29 | Create | Villager (Male) |
| 13:29 | Create | Villager (Male) |
| 13:29 | Create | Villager (Male) |
| 13:30 | Create | Villager (Male) |
| 13:30 | Create | Villager (Male) |
| 13:30 | Create | Villager (Male) |
| 13:35 | Build | Farm |
| 13:35 | Build | Farm |
| 14:14 | Create | Villager (Male) |
| 14:14 | Create | Villager (Male) |
| 14:16 | Build | Farm |
| 14:21 | Build | Farm |
| 14:34 | Research | Man-at-Arms (upgrade) |
| 15:39 | Create | Villager (Male) |
| 15:39 | Create | Villager (Male) |
| 15:40 | Create | Villager (Male) |
| 15:47 | Build | Farm |
| 15:49 | Build | Farm |
| 15:50 | Build | Farm |
| 15:51 | Build | Farm |
| 15:53 | Create | Villager (Male) |
| 15:53 | Create | Villager (Male) |
| 16:47 | Build | Farm |
| 17:08 | Create | Spearman ×5 |
| 17:27 | Build | Farm |
| 17:37 | Build | Farm |
| 17:44 | Create | Villager (Male) |
| 17:45 | Create | Villager (Male) |
| 17:55 | Research | Gold Mining |
| 18:05 | Build | Farm |
| 18:06 | Build | Farm |
| 18:34 | Create | Villager (Male) |
| 18:40 | Build | House |
| 18:41 | Build | House |
| 18:53 | Build | Farm |
| 18:54 | Build | Farm |
| 19:00 | Create | Spearman |
| 19:18 | Build | Archery Range |
| 19:20 | Create | Villager (Male) |
| 19:31 | Create | Spearman |
| 19:40 | Create | Spearman |
| 20:11 | Build | Blacksmith |
| 20:50 | Research | Castle Age |
| 20:51 | Create | Villager (Male) |
| 20:52 | Create | Villager (Male) |
| 21:01 | Build | House |
| 21:03 | Build | House |
| 21:03 | Build | House |
| 21:11 | Create | Spearman |
| 21:11 | Create | Spearman |
| 21:12 | Create | Spearman |
| 21:44 | Build | Barracks |
| 21:48 | Create | Spearman ×5 |
| 21:49 | Create | Spearman |
| 21:50 | Create | Spearman |
| 21:52 | Research | Forging |
| 22:26 | Age | Castle Age |
| 22:31 | Research | Pikeman (upgrade) |
| 22:37 | Build | Barracks |
| 22:44 | Build | Town Center |
| 22:55 | Create | Spearman ×5 |
| 22:55 | Create | Spearman ×5 |
| 23:32 | Research | Pikeman (upgrade) |
| 23:54 | Create | Spearman ×5 |
| 23:54 | Create | Spearman ×5 |
| 23:54 | Create | Spearman ×5 |
| 24:16 | Build | Barracks |
| 26:04 | Create | Villager (Male) |
| 26:05 | Create | Villager (Male) |
| 26:21 | Create | Villager (Male) |
| 26:21 | Create | Villager (Male) |
| 26:39 | Build | House |
| 26:45 | Create | Villager (Male) |
| 26:45 | Create | Villager (Male) |
| 26:46 | Create | Villager (Male) |
| 26:56 | Build | Town Center |
| 27:01 | Create | Villager (Male) |
| 27:01 | Create | Villager (Male) |
| 27:01 | Create | Villager (Male) |
| 27:08 | Build | Farm |
| 27:08 | Build | Farm |
| 27:09 | Build | Farm |
| 27:09 | Build | Farm |
| 27:09 | Build | Farm |
| 27:17 | Create | Spearman |
Match timeline
| 9:38 | PQF · first_building Barracks |
| 10:22 | PQF · age_up feudal |
| 10:52 | MCJahudy · first_building Barracks |
| 12:50 | MCJahudy · first_building Stable |
| 19:18 | PQF · first_building Archery Range |
| 22:26 | PQF · age_up castle |
| 25:46 | MCJahudy · first_building Monastery |
| 32:25 | MCJahudy · first_building Siege Workshop |
| 35:57 | MCJahudy · first_building Castle |
| 36:15 | PQF · wall_segment Palisade Wall x1 |
| 36:18 | PQF · wall_segment Palisade Wall x3 |
| 37:36 | PQF · resign |
[ AI ANALYSIS · 1 CREDIT ]
What really happened in this match?
Wolo.gg analyzes every decision: build order, eco, micro, common mistakes by bracket. Personalized analysis on WhatsApp or Discord in 30 seconds.
Civ guide
Magyars
Map guide
Arabia
Perfil
Jugador #21563398